 Dungeon Crawl Stone Soup version 0.22.1-1-ga44c0e5 (webtiles) character file.

188 redwoodhats the Slasher (level 5, -2/42 HPs)
             Began as a Demonspawn Gladiator on Oct 23, 2018.
             Was an Initiate of Fedhas.
             Slain by an ogre
             ... wielding a +0 giant club
              (20 damage)
             ... on level 4 of the Dungeon.
             The game lasted 00:14:47 (2726 turns).

redwoodhats the Slasher (Demonspawn Gladiator)      Turns: 2726, Time: 00:14:48

Health: -2/42      AC: 16    Str: 13 (14) XL:     5   Next: 39%
Magic:  5/5        EV:  4    Int: 10      God:    Fedhas [......]
Gold:   169        SH:  0    Dex: 14 (15) Spells: 4/4 levels left

rFire    + . .     SeeInvis .   a - +1 long sword
rCold    + . .     Gourm    .   (no shield)
rNeg     . . .     Faith    .   q - +0 plate armour
rPois    .         Spirit   .   p - +0 hat
rElec    .         Reflect  .   e - +2 cloak
rCorr    .         Harm     .   r - +0 pair of gloves
MR       .....                  (no boots)
Stlth    ..........             (no amulet)
HPRegen  0.14/turn              (no ring)
MPRegen  0.09/turn              (no ring)

@: no status effects
A: antennae 1, icy blue scales 1, cold resistance 1, fire resistance 1, robust
1, no potion heal 1
a: Fungal Bloom, Renounce Religion


You were on level 4 of the Dungeon.
You worshipped Fedhas.
Fedhas was noncommittal.
You were not hungry.

You visited 1 branch of the dungeon, and saw 4 of its levels.

You collected 169 gold pieces.

Inventory:

Hand Weapons
 a - a +1 long sword (weapon)
 j - a +0 dagger
 m - a +0 hunting sling
Missiles
 d - a throwing net (quivered)
 n - 75 stones
Armour
 e - a +2 cloak (worn)
 p - a +0 hat (worn)
 q - a +0 plate armour (worn)
 r - a +0 pair of gloves (worn)
Scrolls
 g - a scroll of teleportation
 l - 3 scrolls of remove curse
Potions
 i - a potion of invisibility
 k - a potion of agility
 o - a potion of degeneration
Comestibles
 f - 12 rations


   Skills:
 + Level 2.5 Fighting
 + Level 4.7 Long Blades
 + Level 2.0 Throwing
 + Level 1.6 Armour
 + Level 3.0 Dodging


You had 4 spell levels left.
You didn't know any spells.
Your spell library contained the following spells:

 Spells                   Type           Power        Failure   Level  Hunger
 Summon Small Mammal      Summ           #...         100%        1    ##.....
 Call Imp                 Summ           #.......     100%        2    ###....
 Call Canine Familiar     Summ           #.......     100%        3    ####...
 Summon Guardian Golem    Hex/Summ       #.......     100%        3    ####...
 Summon Ice Beast         Ice/Summ       #.......     100%        4    #####..
 Summon Lightning Spire   Summ/Air       #.......     100%        4    #####..


Dungeon Overview and Level Annotations

Branches:
Dungeon (4/15)
 Temple: D:4-7

Altars:
Cheibriados
Fedhas


Innate Abilities, Weirdness & Mutations

You have a pair of small antennae on your head.
You are partially covered in icy blue scales. (AC +2)
Your flesh is cold resistant. (rC+)
Your flesh is heat resistant. (rF+)
You are robust. (+10% HP)
Potions are less effective at restoring your health.


Message History

The ogre is caught in the net!
The ogre struggles against the net.
The ogre struggles against the net.
The ogre struggles against the net.
The ogre struggles against the net.
The ogre struggles against the net.
You slash the ogre!
The ogre is moderately wounded.
The ogre struggles against the net.
The net rips apart, and the ogre comes free!
You hit the ogre.
The ogre is heavily wounded.
The ogre hits you with a giant club!
You slash the ogre!
The ogre is almost dead.
The ogre barely misses you.
Your plate armour prevents you from hitting the ogre.
The ogre is almost dead.
The ogre hits you with a giant club!!
You die...
Fedhas appreciates your contribution to the ecosystem.

# # ##### ...
#...
.....#####.######
####
....(.O@........#
#. ....
.###.##########.#
#. #### #.# #.
#.# #. ##.## #.
#####...#### #.
............# #.
.#####....#.###.
##..###.#..


You could see an ogre.

Vanquished Creatures
  A howler monkey (D:4)
  An iguana (D:4)
  2 worker ants (D:4)
  An adder (D:3)
  2 oozes
  A worm (D:2)
  2 dart slugs (D:1)
  A leopard gecko (D:1)
  4 orcs (D:3)
  A ball python (D:1)
  3 giant cockroaches
  5 goblins
  3 hobgoblins
  3 jackals (D:2)
  A quokka (D:2)
  4 bats
  5 frilled lizards
  4 kobolds
  8 rats
52 creatures vanquished.

Vanquished Creatures (others)
  8 toadstools
8 creatures vanquished.

Grand Total: 60 creatures vanquished

Notes
Turn   | Place    | Note
-------+----------+-------------------------------------------
     0 | D:1      | redwoodhats the Demonspawn Gladiator began the quest for
                  | the Orb.
     0 | D:1      | Reached XP level 1. HP: 16/16 MP: 1/1
   314 | D:1      | Gained mutation: You have a pair of small antennae on your
                  | head. [demonic ancestry]
   314 | D:1      | Reached XP level 2. HP: 22/22 MP: 2/2
   378 | D:1      | Reached skill level 3 in Long Blades
   579 | D:1      | Gained mutation: Potions are less effective at restoring
                  | your health. [potion of mutation]
   579 | D:1      | Gained mutation: Your flesh is cold resistant. (rC+)
                  | [potion of mutation]
   579 | D:1      | Gained mutation: You are robust. (+10% HP) [potion of
                  | mutation]
   579 | D:1      | Gained mutation: Your flesh is heat resistant. (rF+)
                  | [potion of mutation]
   938 | D:2      | Reached XP level 3. HP: 27/29 MP: 3/3
  1853 | D:3      | Found a blossoming altar of Fedhas.
  1862 | D:3      | Became a worshipper of Fedhas Madash
  2074 | D:3      | Found a snail-covered altar of Cheibriados.
  2226 | D:3      | Reached XP level 4. HP: 32/37 MP: 4/4
  2473 | D:4      | Reached skill level 4 in Long Blades
  2623 | D:4      | Reached skill level 1 in Armour
  2623 | D:4      | Gained mutation: You are partially covered in icy blue
                  | scales. (AC +2) [demonic ancestry]
  2623 | D:4      | Reached XP level 5. HP: 13/42 MP: 5/5
  2716 | D:4      | Noticed an ogre
  2726 | D:4      | Slain by an ogre

Skill      XL: |  1  2  3  4 |
---------------+-------------+-----
Long Blades    | 3 4 |  4.7
Throwing       | 2 |  2.0
Dodging        | 3 |  3.0
Armour         | 1 |  1.6
Fighting       | |  2.5

Action                   |  1- 3 |  4- 6 || total
-------------------------+-------+-------++-------
Melee: Long sword        |   137 |    65 ||   202
Throw: Throwing net      |       |     2 ||     2
Invok: Fungal Bloom      |     2 |     3 ||     5
  Use: Potion            |     6 |     2 ||     8
       Scroll            |     6 |     2 ||     8
  Eat: Chunk             |     3 |       ||     3
       Ration            |     1 |       ||     1
Armor: Ring mail         |    55 |       ||    55
       Plate armour      |    35 |    47 ||    82
Dodge: Dodged            |    74 |     5 ||    79
       Rpst.: Long sword |    20 |     1 ||    21
